 Dungeon Crawl Stone Soup version 0.25.0-11-g1f837a76a1 (webtiles) character file.

Game seed: 10020818683105859955

398 Delamore the Chopper (level 7, -4/78 HPs)
             Began as a Formicid Fighter on June 24, 2020.
             Was an Initiate of Okawaru.
             Slain by Menkaure (8 damage)
             ... in an ossuary.
             The game lasted 00:04:19 (3763 turns).

Delamore the Chopper (Formicid Fighter)             Turns: 3763, Time: 00:04:19

Health: -4/78      AC: 23    Str: 23    XL:     7   Next: 10%
Magic:  7/7        EV:  2    Int:  7    God:    Okawaru [......]
Gold:   171        SH: 10    Dex: 10    Spells: 6/6 levels left

rFire    . . .     SeeInvis .   a - +0 war axe
rCold    . . .     Gourm    .   c - +1 kite shield
rNeg     + + +     Faith    .   (armour currently unavailable)
rPois    +         Spirit   .   (helmet unavailable)
rElec    .         Reflect  .   (cloak currently unavailable)
rCorr    .         Harm     .   (gloves currently unavailable)
MR       .....                  (boots currently unavailable)
Stlth    ++........             (no amulet)
HPRegen  0.23/turn              h - ring of stealth
MPRegen  0.10/turn              (no ring)

@: tree-form, marked
A: permanent stasis, dig shafts and tunnels, four strong arms
a: Renounce Religion


You were in an ossuary.
You worshipped Okawaru.
Okawaru was noncommittal.
You were not hungry.
You were a tree.
You visited 1 branch of the dungeon, and saw 4 of its levels.
You also visited: Ossuary.

You collected 171 gold pieces.

Inventory:

Hand Weapons
 a - a +0 war axe (weapon)
Missiles
 i - 3 javelins (quivered)
Armour
 b - a +0 scale mail (melded)
 c - a +1 kite shield (worn)
 e - a +0 pair of gloves (melded)
 p - a +2 pair of boots (melded)
Jewellery
 h - a ring of stealth (left branch)
Wands
 t - a wand of disintegration (7)
Scrolls
 g - a scroll of fog
 j - a scroll of amnesia
 k - 3 scrolls of enchant armour
 n - 2 scrolls of remove curse {unknown}
 r - a scroll of teleportation
Potions
 d - a potion of might
 m - a potion of stabbing
 o - 3 potions of brilliance
Comestibles
 f - 3 rations


   Skills:
 - Level 3.2 Fighting
 + Level 7.1 Axes
 - Level 3.2 Armour
 - Level 3.6 Shields


You had 6 spell levels left.
You didn't know any spells.
Your spell library was empty.

Dungeon Overview and Level Annotations

Branches:
Dungeon (4/15)            Ossuary (1/1)
 Temple: D:4-7

Altars:
Dithmenos
Kikubaaqudgha
Okawaru
Qazlal
Wu Jian

Annotations:
Ossuary Menkaure


Innate Abilities, Weirdness & Mutations

You cannot be hasted, slowed, berserked, paralysed or teleported.
You can dig through walls and to a lower floor.
Your four strong arms can wield two-handed weapons with a shield.
((You have a pair of large antennae on your head. (SInv)))


Message History

You are too injured to fight recklessly!
You hit Menkaure.
Menkaure is heavily damaged.
You slash the hobgoblin zombie! Menkaure hits you!!
* * * LOW HITPOINT WARNING * * *
You block the hobgoblin zombie's attack.
It was a potion of flight.
You feel very buoyant.
You fly up into the air.
Menkaure closely misses you.
Really quaff the potion of lignification? [Y]es or [N]o only, please.
Really quaff the potion of lignification?
You turn into a tree.
Your +0 pair of gloves melds into your body.
Your +2 pair of boots melds into your body.
Your +0 scale mail melds into your body.
Your roots penetrate the ground.
Menkaure hits you but does no damage.
You block the hobgoblin zombie's attack.
Menkaure hits you!
You die...

##..##..####..##..##
#..##..######..##^.##
..##..##
.M.##..##..## .##..##
#..##.^##..## ##..##
{ #..##^.##..## #..##
{ { #M.##..##..##
..##{{ {{
#.^##..##..## .##{{ {
#ZM##.^##..## ##{{
#♣.##..##..## #{{
{##..##..##.^## {{ {
{{##..##..##^.## {
{{##..##..##..##


{{{{{ {{{{ ##..##..##^.## #####################..##..##..##
...^........^.^.........##^.##..# ###########################..##..
..^^......................^...##∩ You could see Menkaure (fast), 2 mummies and a
hobgoblin zombie.

Vanquished Creatures
  Sigmund (D:3)
  A phantom (D:4)
  An orc priest (D:3)
  4 adders
  An ooze (D:1)
  A worm (D:2)
  2 dart slugs
  3 leopard geckos
  2 orcs (D:3)
  A ball python (D:3)
  4 giant cockroaches
  5 hobgoblins
  5 jackals
  3 quokkas
  8 bats
  7 frilled lizards
  2 gnoll skeletons (Ossuary)
  4 gnoll zombies (Ossuary)
  6 goblins
  2 goblin skeletons (Ossuary)
  2 goblin zombies (Ossuary)
  3 hobgoblin skeletons (Ossuary)
  4 hobgoblin zombies (Ossuary)
  4 kobolds
  3 kobold skeletons (Ossuary)
  4 kobold zombies (Ossuary)
  4 orc skeletons (Ossuary)
  4 orc zombies (Ossuary)
  9 rats
  A rat skeleton (Ossuary)
  4 rat zombies (Ossuary)
105 creatures vanquished.

Vanquished Creatures (others)
  An orc skeleton (Ossuary)
1 creature vanquished.

Grand Total: 106 creatures vanquished

Notes
Turn   | Place    | Note
-------+----------+-------------------------------------------
     0 | D:1      | Delamore the Formicid Fighter began the quest for the Orb.
     0 | D:1      | Reached XP level 1. HP: 18/18 MP: 1/1
   363 | D:1      | Reached XP level 2. HP: 17/24 MP: 2/2
   605 | D:1      | Reached skill level 3 in Axes
   835 | D:1      | Reached XP level 3. HP: 29/29 MP: 3/3
  1158 | D:2      | Found an ornate altar of the Wu Jian Council.
  1236 | D:2      | Reached skill level 4 in Axes
  1236 | D:2      | Reached XP level 4. HP: 30/35 MP: 4/4
  1278 | D:2      | Found a shadowy altar of Dithmenos.
  2270 | D:3      | Reached skill level 5 in Axes
  2270 | D:3      | Reached XP level 5. HP: 15/41 MP: 5/5
  2469 | D:3      | Found a stormy altar of Qazlal.
  2985 | D:3      | Noticed Sigmund
  3217 | D:3      | Killed Sigmund
  3217 | D:3      | Reached skill level 6 in Axes
  3217 | D:3      | Reached XP level 6. HP: 46/47 MP: 6/6
  3312 | D:4      | Noticed a phantom
  3338 | D:4      | Killed a phantom
  3338 | D:4      | Reached skill level 7 in Axes
  3338 | D:4      | Reached XP level 7. HP: 24/52 MP: 7/7
  3373 | D:4      | Found an iron altar of Okawaru.
  3374 | D:4      | Found a sand-covered staircase.
  3379 | D:4      | Found an ancient bone altar of Kikubaaqudgha.
  3385 | D:4      | Became a worshipper of Warmaster Okawaru
  3406 | Ossuary  | Entered an ossuary
  3753 | Ossuary  | Noticed Menkaure
  3761 | Ossuary  | HP: 2/52 [Menkaure (19)]
  3763 | Ossuary  | Slain by Menkaure

Illustrated notes

Levels and vault maps discovered:
D:1:      tarquinn_simple_flora_water_c, layout_loops_corners, minivault_26,
          minmay_crystal_water
D:2:      layout_basic, lemuel_doored_altar, first_ration,
          grunt_dithmenos_smoke_and_mirrors
D:3:      layout_loops_corners, nicolae_qazlal_general_emergency, uniq_sigmund
D:4:      layout_gridville, nicolae_overflow_quartered_altars,
          chequers_temple_overflow_statue_of_worship,
          minmay_temple_entry_overgrown, enter_ossuary_1
Ossuary:  ossuary_due_pyramid

Skill      XL: |  1  2  3  4  5  6 |
---------------+-------------------+-----
Axes           | 3 4 5 6 7 |  7.1
Fighting       | |  3.2
Armour         | |  3.2
Shields        | |  3.6

Action                   |  1- 3 |  4- 6 |  7- 9 || total
-------------------------+-------+-------+-------++-------
Melee: War axe           |    90 |   170 |    82 ||   342
  Use: Scroll            |       |     8 |       ||     8
       Potion            |       |     1 |     2 ||     3
 Stab: Invisible         |       |     1 |       ||     1
  Eat: Chunk             |     1 |     6 |       ||     7
       Ration            |       |       |     1 ||     1
Armor: Scale mail        |    44 |    89 |    15 ||   148
       Skin              |       |       |     1 ||     1
Dodge: Dodged            |    31 |    69 |    13 ||   113
Block: Kite shield       |    53 |    99 |    33 ||   185
